 Dungeon Crawl Stone Soup version 0.22-a0-3-g4fa69d9 (webtiles) character file.

802 tidbits the Grave Robber (level 7, 28/51 HPs)
             Began as a Gnoll Necromancer on Jan 1, 2018.
             Quit the game on level 7 of the Dungeon.
             The game lasted 00:15:38 (1701 turns).

tidbits the Grave Robber (Gnoll Necromancer)        Turns: 1701, Time: 00:15:38

Health: 28/51      AC:  2    Str: 10    XL:     7   Next: 90%
Magic:  15/15      EV: 15    Int: 19    God:
Gold:   215        SH:  0    Dex: 16    Spells: 9/17 levels left

rFire    . . .     SeeInvis .   d - +0 dagger
rCold    . . .     Gourm    .   (no shield)
rNeg     . . .     Faith    .   m - +0 robe
rPois    .         Spirit   .   (no helmet)
rElec    .         Reflect  .   (no cloak)
rCorr    .         Harm     +   (no gloves)
MR       .....                  (no boots)
Stlth    +++.......             E - amulet of harm
HPRegen  0.17/turn              k - ring of flight
MPRegen  0.14/turn              (no ring)

@: very slightly contaminated
A: distributed training, fangs 1, strong nose
a: Evoke Flight


You were on level 7 of the Dungeon.
You were not hungry.

You visited 2 branches of the dungeon, and saw 8 of its levels.

You collected 215 gold pieces.

Inventory:

Hand Weapons
 a - a +0 short sword
 d - a +0 dagger (weapon)
 e - a +0 club
 i - a +0 morningstar
 p - a +0 falchion
 s - a +0 flail
 y - a +0 dire flail
 z - a +0 flail of crushing
   (You took it off an orc on level 6 of the Dungeon)
Missiles
 f - 36 stones (quivered)
Armour
 l - a +0 buckler
 m - a +0 robe (worn)
 A - a cursed +0 ring mail
Jewellery
 k - a ring of flight (left hand)
   (You found it on level 2 of the Dungeon)
 D - a +4 amulet of reflection
   (You found it on level 6 of the Dungeon)
 E - an amulet of harm (around neck)
   (You found it on level 6 of the Dungeon)
Wands
 n - a wand of polymorph (13)
 u - a wand of digging (4)
 w - a wand of acid (2)
 C - a wand of enslavement (15)
Scrolls
 r - a scroll of teleportation
 t - 2 scrolls of remove curse
 v - a scroll of noise
 x - a scroll of enchant weapon
 B - a scroll of amnesia
Potions
 g - a potion of brilliance {unknown}
 h - a potion of lignification
 j - 3 potions of curing
Books
 b - a book of Necromancy

   Spells                             Type                      Level
   a - Pain                           Necromancy                   1
   b - Animate Skeleton               Necromancy                   1
   c - Vampiric Draining              Necromancy                   3
   d - Regeneration                   Charms/Necromancy            3
   e - Animate Dead                   Necromancy                   4
   f - Borgnjor's Vile Clutch         Necromancy/Earth             5
Comestibles
 c - 5 rations


   Skills:
 + Level 2.7 Fighting
 + Level 2.7 Short Blades
 + Level 2.7 Long Blades
 + Level 2.7 Axes
 + Level 2.7 Maces & Flails
 + Level 2.7 Polearms
 + Level 2.7 Staves
 + Level 2.7 Slings
 + Level 2.7 Bows
 + Level 2.7 Crossbows
 + Level 2.7 Throwing
 + Level 2.7 Armour
 + Level 5.3 Dodging
 + Level 5.0 Stealth
 + Level 2.7 Shields
 + Level 2.7 Unarmed Combat
 + Level 5.7 Spellcasting
 + Level 2.2 Conjurations
 + Level 2.2 Hexes
 + Level 2.2 Charms
 + Level 2.2 Summonings
 + Level 7.5 Necromancy
 + Level 2.2 Translocations
 + Level 2.2 Transmutations
 + Level 2.2 Fire Magic
 + Level 2.2 Ice Magic
 + Level 2.2 Air Magic
 + Level 2.2 Earth Magic
 + Level 2.2 Poison Magic
 + Level 3.0 Invocations
 + Level 2.7 Evocations


You had 9 spell levels left.
You knew the following spells:

 Your Spells              Type           Power        Failure   Level  Hunger
a - Pain                  Necr           ####         1%          1    None
n - Animate Skeleton      Necr           N/A          1%          1    None
r - Regeneration          Chrm/Necr      ###.......   4%          3    ##.....
v - Vampiric Draining     Necr           ####......   1%          3    ##.....


Dungeon Overview and Level Annotations

Branches:
Dungeon (7/15)             Temple (1/1) D:6

Altars:
Ashenzari
Elyvilon
Fedhas
Gozag
Hepliaklqana
Kikubaaqudgha
Nemelex Xobeh
Okawaru
Ru
Sif Muna
Uskayaw
Xom
Yredelemnul
Zin
The Shining One

Shops:
D:4 *


Innate Abilities, Weirdness & Mutations

Your experience applies equally to all skills.
You have very sharp teeth.
Your uncanny sense of smell can sniff out nearby items.


Message History

Confirm with . or Enter, or press ? or * to list all spells.
Aiming: Pain
Press: ? - help, Shift-Dir - straight line, f - orc
Aim: an orc, wielding a morningstar and wearing a leather armour (chance to defeat MR: 93%)
The orc writhes in agony!
You closely miss the orc.
The orc is moderately wounded.
The orc misses you.
You barely miss the orc.
The orc is moderately wounded.
The orc closely misses you.
Casting: Pain
Confirm with . or Enter, or press ? or * to list all spells.
Aiming: Pain
Press: ? - help, Shift-Dir - straight line, f/p - orc
Aim: an orc, wielding a morningstar and wearing a leather armour (moderately wounded, chance to defeat MR: 93%)
The orc writhes in agony!
The orc misses you.
Casting: Pain
Confirm with . or Enter, or press ? or * to list all spells.
Aiming: Pain
Press: ? - help, Shift-Dir - straight line, f/p - orc
Aim: an orc, wielding a morningstar and wearing a leather armour (heavily wounded, chance to defeat MR: 93%)
The orc writhes in agony!
You kill the orc!
Casting: Pain
Confirm with . or Enter, or press ? or * to list all spells.
You can't see any susceptible monsters within range! (Use Z to cast anyway.)
Things that are here:
a morningstar; a leather armour
i - a morningstar
Found 13 bolts and 19 stones.
A phantom comes into view.
Wield which item (- for none, * to show all)? (? for menu, Esc to quit)
z - a +0 flail of crushing (weapon)
Casting: Pain
Confirm with . or Enter, or press ? or * to list all spells.
Your skin crawls.
The phantom blinks!
The phantom blinks!
Found 6 gold pieces.
You open the door.
A worker ant and a gnoll come into view.
The worker ant moves out of view.
Found a scale mail.
You see here 13 bolts.
A gnoll comes into view.
It is wielding a spear. 2 gnolls and a gnoll sergeant come into view.
The gnoll sergeant is wielding a trident of venom.
Unknown command.
Your skin is crawling a little less now.
The phantom misses you.
You barely miss the phantom. The phantom hits you!
You barely miss the phantom.
The gnoll shouts!
You hear a shout!
The phantom hits you.
The phantom blinks!
There is an open door here.
Your skin stops crawling.
The phantom blinks!
You open the door.
There is an open door here.
You open the door.
A hound comes into view.
There is an open door here.
Wield which item (- for none, * to show all)? (? for menu, Esc to quit)
That's the wrong kind of item! (Use * to select it.) Wield which item (- for none, * to show all)? (? for menu, Esc to quit)
y - a +0 dire flail (weapon)
Wield which item (- for none, * to show all)? (? for menu, Esc to quit)
u - a +0 dagger (weapon)
The helpless hound fails to defend itself.
You impale the hound!!
You kill the hound!
Adjust (i)tems, (s)pells, or (a)bilities?
Adjust which item? (? for menu, Esc to quit)
u - a +0 dagger (weapon)
Adjust to which letter? (? for menu, Esc to quit)
d - a +0 dagger (weapon);
u - a wand of digging (4)
The phantom blinks!
As you open the door, it creaks loudly!
An ice beast comes into view.
The phantom closely misses you.
Found a scroll labeled CACA MALOXZYC.
You open the door. The phantom hits you!
The phantom blinks!
There is an open door here.
As you read the scroll of teleportation, it crumbles to dust.
You feel strangely unstable. The gnoll hits you with a whip.
As you open the door, it creaks loudly!
Your surroundings suddenly seem different.
As you read the scroll labeled ERIYKA VENT, it crumbles to dust.
You feel blessed for a moment.
It was a scroll of remove curse.
Blink to where?
Press: ? - help, Dir - move target cursor You are very lightly contaminated with residual magic.
As you read the scroll labeled KENAKHLUILE, it crumbles to dust.
It was a scroll of blinking.
As you read the scroll labeled YBAVOB TANTUWE, it crumbles to dust.
You feel aware of your surroundings.
You sensed 1 altar.
It was a scroll of magic mapping.
Quiver which item? (- for none, * to show all) (? for menu, Esc to quit)
Okay, then.
Are you sure you want to abandon this character and quit the game? (Confirm with "yes".)

,,,,,,,,*
*,,,,,####,,,,,...#,,,
,,,,,,,,*
#.....#..##+##....#,,,
**+*,,,,*
#.....#...#..#?...##+*
,,,+∆,,,*
#.....#..Y'.W'......,,
,,,*,,,,*
#.....#.g##..#.....,,,
,,,******
#.....#'###..#,,...,,, ,,,,*
#.....#..##..#,,,,.,,, #####
#.....#..#...#,,,,****
....##### #....@#..+...#,,,,*
........####.....#..#...#,,,,*
......<..........#..##'##,,,,*
.................#..##..#,,,,*
.................#...#..#,,,,*
............#+####...'..#,..g*
####........#........#..#...g*
.#*#........#...##.W###+#.g..*
##,#........#+####a.#........*


There were no monsters in sight!

Vanquished Creatures
  Prince Ribbit (D:6)
  An ice beast (D:6)
  2 ogres
  A crimson imp (D:5)
  2 orc priests
  A hound (D:7)
  Jessica (D:2)
  An iguana (D:4)
  2 worker ants (D:6)
  A hound zombie (D:6)
  3 adders
  An adder zombie (D:3)
  An adder skeleton (D:4)
  A worm (D:2)
  3 leopard geckos
  10 orcs
  A ball python (D:4)
  3 bats (D:3)
  2 giant cockroaches
  2 goblins
  5 hobgoblins
  7 jackals
  4 kobolds
  A quokka (D:3)
  2 frilled lizards (D:1)
  4 rats
63 creatures vanquished.

Vanquished Creatures (collateral kills)
  A hound (D:6)
  An adder (D:6)
  An orc (D:3)
  A hobgoblin (D:3)
4 creatures vanquished.

Grand Total: 67 creatures vanquished

Notes
Turn   | Place    | Note
-------+----------+-------------------------------------------
     0 | D:1      | tidbits the Gnoll Necromancer began the quest for the Orb.
     0 | D:1      | Reached XP level 1. HP: 13/13 MP: 6/6
   153 | D:1      | Reached XP level 2. HP: 16/19 MP: 4/7
   156 | D:1      | Learned a level 1 spell: Animate Skeleton
   217 | D:2      | Noticed Jessica
   224 | D:2      | Killed Jessica
   224 | D:2      | Reached skill level 5 in Spellcasting
   224 | D:2      | Reached XP level 3. HP: 22/25 MP: 3/9
   232 | D:2      | Reached skill level 1 in Invocations
   353 | D:2      | Learned a level 3 spell: Vampiric Draining
   357 | D:2      | Learned a level 3 spell: Regeneration
   375 | D:3      | Reached skill level 1 in Fighting
   375 | D:3      | Reached skill level 1 in Short Blades
   375 | D:3      | Reached skill level 1 in Long Blades
   375 | D:3      | Reached skill level 1 in Axes
   375 | D:3      | Reached skill level 1 in Maces & Flails
   375 | D:3      | Reached skill level 1 in Polearms
   375 | D:3      | Reached skill level 1 in Staves
   375 | D:3      | Reached skill level 1 in Slings
   375 | D:3      | Reached skill level 1 in Bows
   375 | D:3      | Reached skill level 1 in Crossbows
   375 | D:3      | Reached skill level 1 in Throwing
   375 | D:3      | Reached skill level 1 in Armour
   375 | D:3      | Reached skill level 1 in Shields
   375 | D:3      | Reached skill level 1 in Unarmed Combat
   375 | D:3      | Reached skill level 1 in Evocations
   383 | D:2      | Found an ancient bone altar of Kikubaaqudgha.
   414 | D:2      | Reached XP level 4. HP: 14/32 MP: 4/11
   644 | D:5      | Entered Level 5 of the Dungeon
   833 | D:4      | Found an opulent altar of Gozag.
   834 | D:4      | Noticed a phantom
   834 | D:4      | Noticed an ogre
   834 | D:4      | Noticed an ogre
   857 | D:3      | Killed an ogre
   857 | D:3      | Reached skill level 1 in Conjurations
   857 | D:3      | Reached skill level 1 in Hexes
   857 | D:3      | Reached skill level 1 in Charms
   857 | D:3      | Reached skill level 1 in Summonings
   857 | D:3      | Reached skill level 1 in Translocations
   857 | D:3      | Reached skill level 1 in Transmutations
   857 | D:3      | Reached skill level 1 in Fire Magic
   857 | D:3      | Reached skill level 1 in Ice Magic
   857 | D:3      | Reached skill level 1 in Air Magic
   857 | D:3      | Reached skill level 1 in Earth Magic
   857 | D:3      | Reached skill level 1 in Poison Magic
   857 | D:3      | Reached XP level 5. HP: 28/37 MP: 3/12
   931 | D:3      | Found a deep blue altar of Sif Muna.
  1041 | D:4      | Reached XP level 6. HP: 31/44 MP: 13/13
  1057 | D:4      | Reached skill level 2 in Invocations
  1070 | D:4      | Reached skill level 2 in Fighting
  1070 | D:4      | Reached skill level 2 in Short Blades
  1070 | D:4      | Reached skill level 2 in Long Blades
  1070 | D:4      | Reached skill level 2 in Axes
  1070 | D:4      | Reached skill level 2 in Maces & Flails
  1070 | D:4      | Reached skill level 2 in Polearms
  1070 | D:4      | Reached skill level 2 in Staves
  1070 | D:4      | Reached skill level 2 in Slings
  1070 | D:4      | Reached skill level 2 in Bows
  1070 | D:4      | Reached skill level 2 in Crossbows
  1070 | D:4      | Reached skill level 2 in Throwing
  1070 | D:4      | Reached skill level 2 in Armour
  1070 | D:4      | Reached skill level 5 in Dodging
  1070 | D:4      | Reached skill level 2 in Shields
  1070 | D:4      | Reached skill level 2 in Unarmed Combat
  1070 | D:4      | Reached skill level 2 in Evocations
  1104 | D:4      | Found Biunav's General Store.
  1350 | D:6      | Noticed Prince Ribbit
  1356 | D:6      | Killed Prince Ribbit
  1356 | D:6      | Reached XP level 7. HP: 49/51 MP: 12/15
  1371 | D:6      | Reached skill level 2 in Conjurations
  1371 | D:6      | Reached skill level 2 in Hexes
  1371 | D:6      | Reached skill level 2 in Charms
  1371 | D:6      | Reached skill level 2 in Summonings
  1371 | D:6      | Reached skill level 2 in Translocations
  1371 | D:6      | Reached skill level 2 in Transmutations
  1371 | D:6      | Reached skill level 2 in Fire Magic
  1371 | D:6      | Reached skill level 2 in Ice Magic
  1371 | D:6      | Reached skill level 2 in Air Magic
  1371 | D:6      | Reached skill level 2 in Earth Magic
  1371 | D:6      | Reached skill level 2 in Poison Magic
  1447 | D:6      | Reached skill level 5 in Stealth
  1457 | D:6      | Found a blossoming altar of Fedhas.
  1463 | D:6      | Found a white marble altar of Elyvilon.
  1478 | D:6      | Found a staircase to the Ecumenical Temple.
  1487 | Temple   | Entered the Ecumenical Temple
  1610 | D:6      | Reached skill level 3 in Invocations
  1701 | D:7      | Quit the game

Vault maps used:
D:1:      erik_arrival_cave_to_civilisation, serial_co_window_serial,
          co_window_paths_a, co_window_paths_b, co_window_paths_a,
          co_window_of_opportunity_a, co_window_paths_b, co_window_corner_b,
          co_window_of_opportunity_c, co_window_corner_ca, co_window_sun,
          glass_columns_a, glass_columns_c, patterned_corridor
D:2:      lightli_temple_of_fire, lemuel_doored_altar, first_ration,
          minmay_tetromino_l2, uniq_jessica, uniq_sigmund
D:3:      overflow_temple_1_default, marbit_many_paths
D:4:      kennysheep_mini_moat, grunt_dithmenos_smoke, serial_shops, shop,
          minmay_ruined_shrine
D:5:      vehumet_crystals, serial_shops, shop
D:6:      minitemple, minmay_temple_entry_statues_fountains, uniq_prince_ribbit1
D:7:      grunt_gozag_breadcrumbs, the_bakery, nrook_loot_triangle,
          small_statue_intersection
Temple:   cyrus_temple_forest

Skill      XL: |  1  2  3  4  5  6  7 |
---------------+----------------------+-----
Spellcasting   | 5 |  5.7
Invocations    | 1 2 3 |  3.0
Fighting       | 1 2 |  2.7
Short Blades   | 1 2 |  2.7
Long Blades    | 1 2 |  2.7
Axes           | 1 2 |  2.7
Maces & Flails | 1 2 |  2.7
Polearms       | 1 2 |  2.7
Staves         | 1 2 |  2.7
Slings         | 1 2 |  2.7
Bows           | 1 2 |  2.7
Crossbows      | 1 2 |  2.7
Throwing       | 1 2 |  2.7
Armour         | 1 2 |  2.7
Shields        | 1 2 |  2.7
Unarmed Combat | 1 2 |  2.7
Evocations     | 1 2 |  2.7
Conjurations   | 1 2 |  2.2
Hexes          | 1 2 |  2.2
Charms         | 1 2 |  2.2
Summonings     | 1 2 |  2.2
Translocations | 1 2 |  2.2
Transmutations | 1 2 |  2.2
Fire Magic     | 1 2 |  2.2
Ice Magic      | 1 2 |  2.2
Air Magic      | 1 2 |  2.2
Earth Magic    | 1 2 |  2.2
Poison Magic   | 1 2 |  2.2
Dodging        | 5 |  5.3
Stealth        | 5 |  5.0
Necromancy     | |  7.5

Action                   |  1- 3 |  4- 6 |  7- 9 || total
-------------------------+-------+-------+-------++-------
Melee: Club              |     2 |       |       ||     2
       Falchion          |       |    22 |    14 ||    36
       Bite              |       |     7 |     1 ||     8
       Dagger            |       |     2 |     1 ||     3
       Flail             |       |       |     2 ||     2
       Punch             |       |       |     1 ||     1
 Cast: Pain              |    33 |    45 |    19 ||    97
       Vampiric Draining |       |     6 |       ||     6
       Animate Skeleton  |       |     2 |     4 ||     6
       Regeneration      |       |     1 |     1 ||     2
Evoke: Wand              |       |     6 |     3 ||     9
  Use: Potion            |     1 |     2 |       ||     3
       Scroll            |       |     2 |     8 ||    10
 Stab: Sleeping          |       |     2 |     1 ||     3
  Eat: Chunk             |       |     1 |     2 ||     3
Armor: Robe              |       |     5 |     3 ||     8
Dodge: Dodged            |     4 |    47 |    18 ||    69
       Rpst.: Falchion   |       |    13 |     7 ||    20

Table legend:
 A = Spawn XP
 B = Non-spawn XP
 C = Spawn XP percentage of total XP
 D = Spawn monster count
 E = Non-spawn monster count
 F = Spawn count percentage of total count
 G = Total turns spent on level
                    A         B        C        D         E        F      G
               +---------+---------+-------+---------+---------+-------+---------
         Total |       0 |    1146 |   0.0 |       0 |      67 |   0.0 |  1701
               +---------+---------+-------+---------+---------+-------+---------
           D:1 |       0 |      20 |   0.0 |       0 |      11 |   0.0 |   245
           D:2 |       0 |      66 |   0.0 |       0 |      10 |   0.0 |   316
           D:3 |       0 |     174 |   0.0 |       0 |      17 |   0.0 |   300
           D:4 |       0 |     220 |   0.0 |       0 |      10 |   0.0 |   267
           D:5 |       0 |      51 |   0.0 |       0 |       2 |   0.0 |   222
           D:6 |       0 |     572 |   0.0 |       0 |      15 |   0.0 |   192
           D:7 |       0 |      43 |   0.0 |       0 |       2 |   0.0 |    78
               +---------+---------+-------+---------+---------+-------+---------

Table legend:
 A = Turns spent in this place as a percentage of turns spent in the entire game.
 B = Non-inter-level travel turns spent in this place as a percentage of non-inter-level travel turns spent in the entire game.
 C = Inter-level travel turns spent in this place as a percentage of turns spent in this place.
 D = Turns resting spent in this place as a percentage of non-inter-level travel turns spent in this place.
 E = Turns spent auto-exploring this place as a percentage of non-inter-level travel turns spent in this place.
 F = Non-inter-level travel turns spent in this place divided by the number of levels of this place that you've seen.
                   A       B       C       D       E      F
               +-------+-------+-------+-------+-------+----------------------
         Total | 100.0 | 100.0 |   4.1 |   0.0 |   0.0 | 204.0
       Dungeon |  95.2 |  97.4 |   1.9 |   0.0 |   0.0 | 227.0
        Temple |   4.8 |   2.6 |  46.9 |   0.0 |   0.0 |  43.0
               +-------+-------+-------+-------+-------+----------------------

Table legend:
 A = Kills in this place as a percentage of kills in entire the game.
 B = Kills by you in this place as a percentage of kills by you in the entire game.
 C = Kills by friends in this place as a percentage of kills by friends in the entire game.
 D = Other kills in this place as a percentage of other kills in the entire game.
 E = Experience gained in this place as a percentage of experience gained in the entire game.
 F = Experience gained in this place divided by the number of levels of this place that you have seen.
                   A       B       C       D       E      F
               +-------+-------+-------+-------+-------+----------------------
         Total | 100.0 | 100.0 | 100.0 |   N/A | 100.0 | 143.2
       Dungeon | 100.0 | 100.0 | 100.0 |   N/A | 100.0 | 163.7
               +-------+-------+-------+-------+-------+----------------------

Vault maps used:
D:1:      erik_arrival_cave_to_civilisation, serial_co_window_serial,
          co_window_paths_a, co_window_paths_b, co_window_paths_a,
          co_window_of_opportunity_a, co_window_paths_b, co_window_corner_b,
          co_window_of_opportunity_c, co_window_corner_ca, co_window_sun,
          glass_columns_a, glass_columns_c, patterned_corridor
D:2:      lightli_temple_of_fire, lemuel_doored_altar, first_ration,
          minmay_tetromino_l2, uniq_jessica, uniq_sigmund
D:3:      overflow_temple_1_default, marbit_many_paths
D:4:      kennysheep_mini_moat, grunt_dithmenos_smoke, serial_shops, shop,
          minmay_ruined_shrine
D:5:      vehumet_crystals, serial_shops, shop
D:6:      minitemple, minmay_temple_entry_statues_fountains, uniq_prince_ribbit1
D:7:      grunt_gozag_breadcrumbs, the_bakery, nrook_loot_triangle,
          small_statue_intersection
Temple:   cyrus_temple_forest
